 Dungeon Crawl Stone Soup version 0.18.1-6-gd335043 (webtiles) character file.

67 kae the Poker (level 4, -1/42 HPs)
             Began as a Naga Fighter on May 16, 2016.
             Slain by a hobgoblin
             ... wielding a +0 club
             ... led by Robin
              (7 damage)
             ... on level 2 of the Dungeon.
             The game lasted 00:01:51 (1000 turns).

kae the Poker (Naga Fighter)                        Turns: 1000, Time: 00:01:52

Health: -1/42      AC:  4    Str: 24    XL:     4   Next: 16%
Magic:  4/4        EV:  5    Int:  8    God:
Gold:   88         SH:  9    Dex: 11    Spells: 0 memorised, 3 levels left

rFire  . . .     SeeInvis +     a - +0 trident
rCold  . . .     Gourm    .     b - +0 scale mail
rNeg   . . .     Faith    .     c - +0 shield
rPois  +         Spirit   .     (no helmet)
rElec  .         Dismiss  .     (no cloak)
rCorr  .         Reflect  .     (no gloves)
SustAt .         Harm     .     (no barding)
MR     .....                    (no amulet)
Stlth  ..........               (no ring)
                                (no ring)

@: mighty, very slow, not resistant to hostile enchantments, extremely
unstealthy
A: see invisible, deformed body, poison resistance, slowness 2, slow metabolism
1, spit poison 2, AC +1
a: Spit Poison


You were on level 2 of the Dungeon.
You were not hungry.

You visited 1 branch of the dungeon, and saw 2 of its levels.

You collected 88 gold pieces.

Inventory:

Hand Weapons
 a - a +0 trident (weapon)
Armour
 b - a +0 scale mail (worn)
 c - a +0 shield (worn)
Scrolls
 e - 2 scrolls of enchant armour {unknown}
 g - a scroll of magic mapping {unknown}
 k - a scroll of fear {unknown}
 m - 3 scrolls of identify {unknown}
 p - 2 scrolls of recharging {unknown}
 u - a scroll of amnesia {unknown}
Potions
 h - a potion of agility {unknown}
 i - a potion of heal wounds {unknown}
 j - a potion of mutation {unknown}
 n - a potion of flight {unknown}
 o - 2 potions of berserk rage {unknown}
 q - 2 potions of lignification {unknown}
 r - a potion of magic {unknown}
 t - a potion of beneficial mutation {unknown}
Comestibles
 f - 2 bread rations
 l - 3 fruits
 s - 2 chunks of flesh


   Skills:
 - Level 3.0 Fighting
 + Level 4.3 Polearms
 - Level 2.4 Armour
 - Level 2.4 Shields


You had 3 spell levels left.
You didn't know any spells.

Dungeon Overview and Level Annotations

Branches:
Dungeon (2/15)

Altars:

Annotations:
D:2 Robin


Innate Abilities, Weirdness & Mutations

You cannot wear boots.
Your serpentine skin is tough (AC +1).
You have supernaturally acute eyesight.
Armour fits poorly on your strangely shaped body.
Your system is resistant to poisons.
You cover ground very slowly.
You have a slow metabolism.
You can spit poison.


Message History

The goblin hits you but does no damage. The hobgoblin hits you with a club.
The goblin hits you. The goblin hits you with a dagger.
You impale the hobgoblin!!
You kill the hobgoblin!
Robin hits you but does no damage.
The goblin hits you but does no damage. x2
You block the goblin's attack. The goblin hits you with a dagger.
The hobgoblin closely misses you. The goblin hits you.
* * * LOW HITPOINT WARNING * * *
The goblin hits you but does no damage. You block the goblin's attack.
The goblin hits you but does no damage.
You puncture the goblin!
You kill the goblin!
Robin hits you from afar with a trident.
* * * LOW HITPOINT WARNING * * *
The goblin hits you.
* * * LOW HITPOINT WARNING * * *
You block the goblin's attack. The goblin hits you.
* * * LOW HITPOINT WARNING * * *
The goblin barely misses you. The hobgoblin hits you with a club!
You die...

....# #.#......... ....#
#.#.............#. ....#
#.##....###.......
....###.........#.....##
..........).........><..
....####.#....#.........
.<#.# #......#.........
..#+#####.....#gggg.....
..........#####g@)......
...............ggg......
.#.......#......g.......
....#...##..............
........................
........................
............)..#+########
........................#
........................#


You could see Robin, 2 hobgoblins and 6 goblins.

Vanquished Creatures
  2 adders (D:2)
  2 worms (D:2)
  2 dart slugs (D:2)
  2 giant geckos (D:1)
  A giant cockroach (D:1)
  3 hobgoblins
  3 jackals (D:1)
  5 bats
  5 giant newts
  8 goblins
  A kobold (D:2)
  3 rats
37 creatures vanquished.

Notes
Turn   | Place    | Note
--------------------------------------------------------------
     0 | D:1      | kae the Naga Fighter began the quest for the Orb.
     0 | D:1      | Reached XP level 1. HP: 21/21 MP: 1/1
   280 | D:1      | Reached XP level 2. HP: 22/28 MP: 2/2
   290 | D:1      | Reached skill level 3 in Polearms
   519 | D:2      | Reached XP level 3. HP: 28/34 MP: 3/3
   837 | D:2      | Reached skill level 4 in Polearms
   872 | D:2      | Reached XP level 4. HP: 40/42 MP: 4/4
   990 | D:2      | Noticed Robin
  1000 | D:2      | Slain by a hobgoblin

Skill      XL: |  1  2  3 |
---------------+----------+-----
Polearms       | 3 4 |  4.3
Fighting       | |  3.0
Armour         | |  2.4
Shields        | |  2.4

Action                   |  1- 3 |  4- 6 || total
-------------------------+-------+-------++-------
Melee: Trident           |    77 |    20 ||    97
 Abil: Spit Poison       |     4 |       ||     4
  Use: Potion            |       |     1 ||     1
Armor: Scale mail        |    37 |    15 ||    52
Dodge: Dodged            |     9 |    14 ||    23
Block: Shield            |    27 |    18 ||    45
